 Dungeon Sprint DCSS version 0.21.1-1-g345015f (webtiles) character file.

1465 Fang the Cleaver (level 8, 0/133 HPs)
             Began as a Minotaur Berserker on May 24, 2018.
             Was a High Priest of Trog.
             Engulfed by a cloud of steam (3 damage)
             ... in the Dungeon (Sprint II: "The Violet Keep of Menkaure").
             The game lasted 00:03:29 (1182 turns).

Fang the Cleaver (Minotaur Berserker)               Turns: 1182, Time: 00:03:30

Health: 0/133      AC:  2    Str: 29    XL:     8   Next: 48%
Magic:  7/7        EV: 15    Int:  4    God:    Trog [*****.]
Gold:   972        SH:  0    Dex: 10    Spells: 7/7 levels left

rFire    . . .     SeeInvis .   a - +0 hand axe
rCold    . . .     Gourm    .   (no shield)
rNeg     . . .     Faith    .   b - +0 animal skin
rPois    .         Spirit   .   (helmet restricted)
rElec    .         Reflect  .   (no cloak)
rCorr    .         Harm     .   (no gloves)
MR       .....     NoTele   +   (no boots)
Stlth    ..........             (no amulet)
HPRegen  0.32/turn              (no ring)
MPRegen  0.10/turn              (no ring)

@: berserking (expiring), slow
A: retaliatory headbutt, horns 2
a: Berserk, Trog's Hand, Brothers in Arms, Burn Spellbooks, Renounce Religion


You were in the Dungeon.
You worshipped Trog.
Trog was extremely pleased with you.
You were very hungry.

You visited 1 branch You collected 972 gold pieces.

Inventory:

Hand Weapons
 a - a +0 hand axe (weapon)
Armour
 b - a +0 animal skin (worn)
Scrolls
 i - a scroll of blinking
Potions
 d - a potion of curing
 e - a potion of heal wounds
 f - a potion of haste
 g - 2 potions of magic
 h - a potion of berserk rage
Comestibles
 c - a ration


   Skills:
 + Level 14.0 Fighting
 + Level 14.2 Axes
 + Level 7.3 Armour
 + Level 7.4 Dodging


You had 7 spell levels left.
You didn't know any spells.

Dungeon Overview and Level Annotations

Branches:
Dungeon (1/1)

Altars:

Shops:
D !:[**[!%:?=(}![=

Annotations:
D exclusion: oklob plant, Kirke


Innate Abilities, Weirdness & Mutations

You reflexively headbutt those who attack you in melee.
You have a pair of horns on your head.


Message History

You slash Kirke! Your headbutt misses Kirke.
Kirke is severely wounded.
You slash the hellwing! You hit the crimson imp.
You are engulfed in a cloud of scalding steam.
* * * LOW HITPOINT WARNING * * *
Kirke hits you!
* * * LOW HITPOINT WARNING * * *
The crimson imp barely misses you. You furiously retaliate!
You headbutt the crimson imp!
You kill the crimson imp!
You slice the hellwing!!
You kill the hellwing!
You slash Kirke!
You are engulfed in a cloud of scalding steam.
* * * LOW HITPOINT WARNING * * *
The kobold demonologist gestures wildly while chanting.
Unknown command.
Your unstable footing causes you to fumble your attack.
You are engulfed in a cloud of scalding steam.
You die...

##≈≈≈§5§§§§# ### §≈§≈§8§§§§§
#.Y3####≈≈35§§§§§
#$Kzc@@##§≈§§§≈§
############H5#§§'#§§
###########≈5≈......
##∩.∩.....#≈≈≈≈.##'#
##.∩.∩....#≈≈≈≈###.### ##
##..∩.∩...#≈≈≈≈#..#..# .#
##...∩.∩..#≈≈####.#.#### .##
##....∩.⌠.#≈##.###'###.##..#
##...∩.∩..#≈#..###.##...#..#


You could see Kirke, a yaktaur captain, an elephant, a skeletal warrior, a soul
eater, a manticore, a kobold demonologist, a crimson imp and a white imp.

Vanquished Creatures
  2 tyrant leeches (D)
  4 neqoxecs (D)
  4 necrophages (D)
  A crocodile (D)
  4 worker ants (D)
  A hell rat (D)
16 creatures vanquished.

Vanquished Creatures (others)
  Menkaure (D)
  A crocodile (D)
2 creatures vanquished.

Grand Total: 18 creatures vanquished

Notes
Turn   | Place    | Note
-------+----------+-------------------------------------------
     0 | D        | Fang the Minotaur Berserker began the quest for the Orb.
     0 | D        | Reached XP level 1. HP: 19/19 MP: 0/0
     1 | D        | Noticed a worker ant
     1 | D        | Noticed a worker ant
     1 | D        | Noticed a worker ant
     1 | D        | Noticed a worker ant
     5 | D        | Killed a worker ant
     5 | D        | Reached skill level 5 in Fighting
     5 | D        | Reached skill level 5 in Axes
     5 | D        | Reached XP level 2. HP: 29/29 MP: 1/1
     8 | D        | Reached XP level 3. HP: 32/37 MP: 2/2
    11 | D        | Reached ** piety under Trog
    11 | D        | Reached XP level 4. HP: 29/45 MP: 3/3
    29 | D        | Killed a crocodile
    87 | D        | Killed Menkaure
   325 | D        | Noticed a tyrant leech
   325 | D        | Noticed a tyrant leech
   329 | D        | Noticed a necrophage
   329 | D        | Noticed a necrophage
   329 | D        | Noticed a necrophage
   329 | D        | Noticed a necrophage
   336 | D        | Killed a necrophage
   336 | D        | Reached XP level 5. HP: 57/57 MP: 4/4
   340 | D        | Killed a necrophage
   340 | D        | Reached skill level 10 in Axes
   340 | D        | Reached skill level 5 in Armour
   340 | D        | Reached skill level 5 in Dodging
   340 | D        | Reached XP level 6. HP: 66/66 MP: 5/5
   344 | D        | Reached *** piety under Trog
   344 | D        | Reached skill level 10 in Fighting
   418 | D        | Noticed a neqoxec
   419 | D        | Noticed a neqoxec
   422 | D        | Killed a neqoxec
   422 | D        | Reached XP level 7. HP: 75/75 MP: 6/6
   428 | D        | Killed a neqoxec
   428 | D        | Reached **** piety under Trog
   430 | D        | Noticed a neqoxec
   438 | D        | Killed a neqoxec
   504 | D        | Killed a tyrant leech
   504 | D        | Reached XP level 8. HP: 61/86 MP: 7/7
   512 | D        | Killed a tyrant leech
   789 | D        | Reached ***** piety under Trog
   824 | D        | Noticed an obsidian statue
   835 | D        | Found Oraener's Armour Boutique.
   836 | D        | Found Xegylo's Distillery.
   836 | D        | Found Suarrut's Jewellery Shop.
   836 | D        | Found Fehadden's Gadget Boutique.
   836 | D        | Found Gunes's Antique Weapon Shop.
   868 | D        | Found Wabot's Magic Scroll Boutique.
   868 | D        | Found Iphoskem's Book Shop.
   869 | D        | Found Biogu's Jewellery Shop.
   870 | D        | Found Esoaw's Distillery.
   870 | D        | Found Kietwam's Antique Armour Boutique.
   871 | D        | Found Esimohas's Food Boutique.
   878 | D        | Found Fouxkauj's General Store.
  1010 | D        | Noticed a shining eye
  1011 | D        | Found Hidwov's Assorted Antiques.
  1011 | D        | Found Ivian's Antique Armour Shop.
  1011 | D        | Noticed a shining eye
  1011 | D        | Noticed a shining eye
  1011 | D        | Noticed an oklob plant
  1012 | D        | Found Firagad's Book Shoppe.
  1012 | D        | Found Plog's Distillery.
  1165 | D        | Noticed a hellwing
  1166 | D        | Noticed a smoke demon
  1169 | D        | Noticed an elephant
  1169 | D        | Noticed a centaur warrior
  1169 | D        | Noticed Kirke
  1169 | D        | Noticed a kobold demonologist
  1169 | D        | Noticed a yaktaur captain
  1169 | D        | Noticed a skeletal warrior
  1171 | D        | Noticed a manticore
  1180 | D        | HP: 6/133 [Kirke (13)]
  1182 | D        | Noticed a soul eater
  1182 | D        | Engulfed by a cloud of steam

Skill      XL: |  1  2  3  4  5  6  7  8 |
---------------+-------------------------+-----
Fighting       | 5 6 9 11 13 14 | 14.0
Axes           | 5 6 7 9 10 11 13 14 | 14.2
Armour         | 3 4 5 6 7 |  7.3
Dodging        | 3 4 5 6 7 |  7.4

Action                   |  1- 3 |  4- 6 |  7- 9 || total
-------------------------+-------+-------+-------++-------
Melee: Hand axe          |     9 |    14 |    69 ||    92
       Headbutt          |     1 |     3 |     7 ||    11
Invok: Berserk           |     1 |     2 |     2 ||     5
  Eat: Chunk             |       |       |     4 ||     4
Armor: Animal skin       |       |     1 |     4 ||     5
Dodge: Dodged            |     1 |     6 |    29 ||    36
